 Dungeon Crawl Stone Soup version 0.31.0-11-ge490571c62 (webtiles) character file.

Game seed: 329655973956567787

90 Gadfly the Insei (level 4, -1/35 HPs)
             Began as a Demonspawn Monk on Feb 3, 2024.
             Slain by an orc
             ... wielding a +0 flail
              (6 damage)
             ... on level 3 of the Dungeon.
             The game lasted 00:02:53 (2486 turns).

Gadfly the Insei (Demonspawn Monk)                  Turns: 2486, Time: 00:02:54

Health: -1/35      AC:  2    Str: 13    XL:     4   Next: 32%
Magic:  4/4        EV: 13    Int: 11    God:
Gold:   89         SH:  0    Dex: 15    Spells: 3/3 levels left

rFire   + .          .
                       - Unarmed
rCold   . . .        c - orb {light}
rNeg    . . .        a - +0 robe
rPois   .            (no helmet)
rElec   .            (no cloak)
rCorr   .            (no gloves)
SInv    .            (no boots)
Will    .....        (no amulet)
Stlth   +            k - ring of protection from fire
HPRegen 0.25/turn    (no ring)
MPRegen 0.09/turn

%: no passive effects
@: glowing
A: claws 1
a: no special abilities


You were on level 3 of the Dungeon.
You visited 1 branch of the dungeon, and saw 3 of its levels.

You collected 89 gold pieces.

Inventory:

Armour
 a - a +0 robe (worn)
 c - an orb of light (worn)
Jewellery
 k - a ring of protection from fire (left claw)
Potions
 e - a potion of mutation


   Skills:
 - Level 3.0 Fighting
 + Level 3.1 Dodging
 * Level 3.3 Unarmed Combat
 * Level 1.8 Evocations
 * Level 1.6 Shapeshifting


You had 3 spell levels left.
You didn't know any spells.
Your spell library contained the following spells:

 Spells                   Type           Power      Damage    Failure   Level
 Apportation              Tloc           0%         N/A       34%         1
 Necrotise                Necr           0%         1d4       34%         1
 Sting                    Conj/Alch      0%         1d3       34%         1
 Summon Small Mammal      Summ           0%         N/A       34%         1
 Call Imp                 Summ           0%         N/A       47%         2
 Sublimation of Blood     Necr           0%         N/A       47%         2
 Summon Hydra             Summ           0%         N/A       100%        7


Dungeon Overview and Level Annotations

Branches:
Dungeon (3/15)

Altars:
Ashenzari

Shops:
D:3 =


Innate Abilities, Weirdness & Mutations

You have sharp fingernails.


Message History

The giant cockroach closely misses you.
You scratch the giant cockroach.
The giant cockroach is moderately wounded.
The giant cockroach completely misses you.
You scratch the giant cockroach.
You kill the giant cockroach!
The goblin closely misses you.
The orc throws a boomerang.
The boomerang hits you.
You scratch the goblin.
You kill the goblin!
The orc hits you with a +0 flail!
You are too injured to fight recklessly!
You are too injured to fight recklessly!
You are too injured to fight recklessly!
You are too injured to fight recklessly!
You are too injured to fight recklessly!
You are too injured to fight recklessly!
You are too injured to fight recklessly!
You are too injured to fight recklessly!
You are too injured to fight recklessly!
You are too injured to fight recklessly!
You are too injured to fight recklessly!
You are too injured to fight recklessly!
You are too injured to fight recklessly!
You are too injured to fight recklessly!
You are too injured to fight recklessly!
You are too injured to fight recklessly!
You scratch the orc but do no damage. The orc completely misses you.
You scratch the orc but do no damage. The orc barely misses you.
You scratch the orc but do no damage. The orc hits you with a +0 flail.
You scratch the orc but do no damage. You scratch the orc but do no damage.
The orc barely misses you.
You scratch the orc.
The orc is lightly wounded.
The orc hits you with a +0 flail!
* * * LOW HITPOINT WARNING * * *
You scratch the orc.
The orc is moderately wounded.
The orc hits you with a +0 flail.
You die...

#..# ###†## .
#######...########### ..
#....................
...#.##....#############
.....##.##### #...
#....).....# #######.##
####.>..###.# #.[.....#.
..[....@..#.# #.......#.
###..∩.o#.#.# #.......#.
#...#.#.#.# #.......#.
#...#.#.#.# #.......#.
#...#(#.#.###.......#.
#...#.#.#..##.......##
#.. #.#<##.#..###'###
#...#....._..## #.#
.........#.### #.#


You could see an orc.

Vanquished Creatures
  2 adders
  2 dart slugs (D:1)
  A ribbon worm (D:2)
  2 orcs (D:3)
  8 endoplasms
  A giant cockroach (D:3)
  7 goblins
  4 hobgoblins
  3 quokkas
  6 ball pythons
  3 bats
  2 frilled lizards
  8 kobolds
  12 rats
61 creatures vanquished.

Notes
Turn   | Place    | Note
-------+----------+-------------------------------------------
     0 | D:1      | Gadfly the Demonspawn Monk began the quest for the Orb.
     0 | D:1      | Reached XP level 1. HP: 18/18 MP: 1/1
   143 | D:1      | Gained mutation: You have sharp fingernails. [demonic
                  | ancestry]
   143 | D:1      | Reached XP level 2. HP: 19/24 MP: 2/2
   203 | D:1      | Reached skill level 1 in Evocations
   217 | D:1      | Found a faded altar of an unknown god.
   374 | D:1      | Reached skill level 1 in Shapeshifting
   404 | D:1      | Reached XP level 3. HP: 29/29 MP: 3/3
  1020 | D:1      | You fall into a shaft and drop 1 floor!
  2048 | D:3      | Found a broken altar of Ashenzari.
  2056 | D:3      | Reached XP level 4. HP: 35/35 MP: 4/4
  2074 | D:3      | Identified the +1 ring mail of the Orcish Mines {Will++
                  | Int+3}
  2326 | D:3      | Found Judosif's Jewellery Boutique.
  2486 | D:3      | Slain by an orc

Illustrated notes

Levels and vault maps discovered:
D:1:      mrwooster_arrival_arrow, layout_basic, basic_ecumenical_altar,
          wad_woods_river_04
D:2:      layout_basic, minivault_23, minmay_misc_feat_diagonals,
          dk_noncrumbling_4
D:3:      layout_basic, mainiacjoe_overflow_alcove_1, lemuel_crystal_altar,
          mainiacjoe_overflow_paths, serial_shops, shop, st_stairs_6

Skill      XL: |  1  2  3 |
---------------+----------+-----
Evocations     | 1 |  1.8
Unarmed Combat | 3 |  3.3
Shapeshifting  | 1 |  1.6
Dodging        | 3 |  3.1
Fighting       | |  3.0

Action                     |  1- 3 |  4- 6 || total
---------------------------+-------+-------++-------
  Melee: Unarmed           |   120 |    51 ||   171
    Use: Scroll            |    10 |     1 ||    11
         Potion            |       |     2 ||     2
 Armour: Robe              |    46 |    39 ||    85
  Dodge: Dodged            |    69 |    72 ||   141
